 Dungeon Crawl Stone Soup version 0.31-a0-219-g8d62b2e7bb (webtiles) character file.

Game seed: 7099291612210912181

280 qw the Shooter (level 6, 0/36 HPs)
             Began as a Gargoyle Hexslinger on July 3, 2023.
             Slain by a goblin
             ... wielding a +0 club
             ... led by Robin
              (3 damage)
             ... on level 3 of the Dungeon.
             The game lasted 00:00:50 (2207 turns).

qw the Shooter (Gargoyle Hexslinger)                Turns: 2207, Time: 00:00:51

Health: 0/36       AC:  6    Str: 11    XL:     6   Next: 27%
Magic:  0/7        EV: 12    Int: 14    God:
Gold:   140        SH:  0    Dex: 14    Spells: 6/7 levels left

rFire   . . .        Y - +1 sling (chaos)
rCold   . . .        (no shield)
rNeg    + . .        c - +0 robe
rPois   inf          (no helmet)
rElec   +            (no cloak)
rCorr   .            (no gloves)
SInv    .            (no boots)
Will    .....        g - amulet of guardian spirit
Stlth   +            (no ring)
HPRegen 0.26/turn    (no ring)
MPRegen 0.10/turn

%: guardian spirit
@: no status effects
A: sickness immunity, AC +4, negative energy resistance 1, electricity
resistance, torment resistance 1, petrification resistance
a: no special abilities


You were on level 3 of the Dungeon.
You visited 1 branch of the dungeon, and saw 3 of its levels.

You collected 140 gold pieces.


Innate Abilities, Weirdness & Mutations

You are immune to sickness and miasma.
Your stone body is resilient. (AC +4)
You are immune to poison.
You resist negative energy. (rN+)
You are resistant to electric shocks. (rElec)
You are resistant to unholy torment.
You are immune to petrification.


   Skills:
 + Level 2.6 Fighting
 - Level 6.0 Ranged Weapons
 - Level 1.5 Dodging
 - Level 1.0 Spellcasting
 - Level 2.6 Hexes


You had 6 spell levels left.
You knew the following spells:

 Your Spells              Type           Power      Damage    Failure   Level
a - Slow                  Hex            32%        N/A       9%          1

Your spell library contained the following spells:

 Spells                   Type           Power      Damage    Failure   Level
 Inner Flame              Hex/Fire       4%         N/A       41%         3
 Portal Projectile        Hex/Tloc       8%         N/A       41%         3
 Cause Fear               Hex            4%         N/A       65%         4

Inventory:

Hand Weapons
 Y - a +1 sling of chaos (weapon)
Armour
 b - a +0 robe of cold resistance
 c - a +0 robe (worn)
 f - a +0 leather armour
 j - a +0 ring mail
 l - a +0 cloak
Jewellery
 g - an amulet of guardian spirit (around neck)
 k - a ring of protection from fire
Scrolls
 h - 2 scrolls of identify
 o - a scroll of acquirement {unknown}
Potions
 a - a potion of haste {unknown}
 d - a potion of invisibility {unknown}
 e - a potion of might
 i - a potion of lignification {unknown}
 m - a potion of mutation {unknown}
 n - a potion of attraction {unknown}

Dungeon Overview and Level Annotations

Branches:
Dungeon (3/15)

Altars:

Shops:
D:3 [

Annotations:
D:3 Robin


Message History

You kill the hobgoblin!
Robin throws the goblin at you! The goblin hits you with a +0 club.
The goblin hits you but does no damage. The goblin closely misses you.
You shoot a sling bullet. The sling bullet hits the hobgoblin!
The sling bullet freezes the hobgoblin.
You kill the hobgoblin!
Robin hits you from afar with a +0 spear.
The goblin closely misses you. The goblin barely misses you.
The goblin hits you but does no damage.
You shoot a sling bullet. The sling bullet hits the goblin.
You kill the goblin!
The goblin no longer looks unusually strong.
Robin roars a battlecry!
The goblin goes into a battle-frenzy!
The goblin hits you but does no damage. x2
You shoot a sling bullet.
The sling bullet hits the hobgoblin but does no damage.
The hobgoblin suddenly seems more agile.
Robin throws the goblin at you! The goblin hits you but does no damage.
The goblin misses you. The hobgoblin closely misses you.
The goblin completely misses you.
You shoot a sling bullet. The sling bullet hits the hobgoblin.
Lightning courses through the hobgoblin!
You kill the hobgoblin!
Robin hits you but does no damage. The goblin closely misses you.
The goblin hits you with a +0 club. x2
You shoot a sling bullet.
The sling bullet closely misses the goblin.
The goblin no longer looks unusually strong.
Robin roars a battlecry!
The goblin goes into a battle-frenzy!
The goblin hits you with a +0 dagger. The goblin barely misses you.
The goblin hits you with a +0 club.
You shoot a sling bullet.
The sling bullet closely misses the goblin.
Robin hits you but does no damage. The goblin hits you with a +0 dagger.
The goblin hits you with a +0 club. The goblin closely misses you.
Robin hits you from afar with a +0 spear.
The goblin hits you with a +0 club.
You die...

###.## ##......# #..####
##.....# ####....##
###########
.....##..#####..........
####..........%.......%.
####....###......)###
####........g..#$(
#####.gg....#[$
#.g@%...#)! ####)#..###
.# $... .# ... .. ##


You could see Robin and 3 goblins.

Vanquished Creatures
  Sigmund (D:3)
  Jessica (D:2)
  2 adders
  A worm (D:2)
  7 orcs
  6 ball pythons
  2 endoplasms
  3 giant cockroaches
  6 goblins
  8 hobgoblins
  3 jackals (D:1)
  2 quokkas
  5 bats
  A frilled lizard (D:1)
  A kobold (D:2)
  5 rats
54 creatures vanquished.

Notes
Turn   | Place    | Note
-------+----------+-------------------------------------------
     0 | D:1      | qw the Gargoyle Hexslinger began the quest for the Orb.
     0 | D:1      | Reached XP level 1. HP: 12/12 MP: 2/2
     0 | D:1      | 0 ||| qw: Version: 0.3-a-40-ge99b1a8
     0 | D:1      | 0 ||| qw: Game counter: 450
     0 | D:1      | 0 ||| qw: Melee chars always use a shield: true
     0 | D:1      | 0 ||| qw: God list: Okawaru
     0 | D:1      | 0 ||| qw: Allow faded altars: false
     0 | D:1      | 0 ||| qw: Do Orc after clearing Dungeon:15 true
     0 | D:1      | 0 ||| qw: Do second Lair branch before Depths: true
     0 | D:1      | 0 ||| qw: Lair rune preference: random
     0 | D:1      | 0 ||| qw: Goals: Normal
     0 | D:1      | 0 ||| PLANNING D:1-11
   148 | D:1      | Reached XP level 2. HP: 16/16 MP: 3/3
   502 | D:1      | Reached skill level 3 in Ranged Weapons
   968 | D:1      | Found a faded altar of an unknown god.
   975 | D:1      | 975 ||| READING scroll labelled GYTOIS WUOMERGH.
   976 | D:1      | 976 ||| READING scroll labelled GOFECL SAOKK.
   977 | D:1      | 977 ||| READING 3 scrolls labelled CAZAIFRAULL.
   978 | D:1      | 978 ||| DRINKING 2 pink potions.
   979 | D:1      | 979 ||| DROPPING scroll of poison.
   980 | D:1      | 980 ||| DROPPING 2 scrolls of immolation.
  1081 | D:2      | Reached XP level 3. HP: 10/21 MP: 4/4
  1330 | D:2      | Noticed Jessica
  1332 | D:2      | Killed Jessica
  1333 | D:2      | Reached skill level 4 in Ranged Weapons
  1333 | D:2      | Reached XP level 4. HP: 26/26 MP: 5/5
  1642 | D:2      | 1642 ||| UPGRADING to amulet of guardian spirit.
  1647 | D:2      | 1647 ||| READING scroll labelled HEAMIZXALA.
  1650 | D:2      | 1650 ||| READING scroll labelled TENOOC HAH.
  1651 | D:2      | 1651 ||| DRINKING 2 puce potions.
  1655 | D:2      | 1655 ||| DROPPING potion of ambrosia.
  1671 | D:3      | Noticed Sigmund
  1677 | D:3      | 1677 ||| STAIRDANCE
  1711 | D:3      | 1711 ||| STAIRDANCE
  1731 | D:3      | 1731 ||| STAIRDANCE
  1780 | D:3      | Killed Sigmund
  1781 | D:3      | Reached skill level 6 in Ranged Weapons
  1781 | D:3      | Reached XP level 5. HP: 29/30 MP: 6/6
  1781 | D:3      | Reached XP level 6. HP: 34/35 MP: 7/7
  1951 | D:3      | Found Uke Qer's Antique Armour Shop.
  1954 | D:3      | 1954 ||| SHOPLISTING glowing troll leather armour (414
                  | gold, have 101).
  2188 | D:3      | Noticed Robin
  2207 | D:3      | HP: 5/36 [goblin/+0 club[Robin] (6)]
  2207 | D:3      | Slain by a goblin

Levels and vault maps discovered:
D:1:      dpeg_arrival_rooms_a, layout_basic, ebering_ecumenical_altar_mist
D:2:      layout_basic, uniq_jessica
D:3:      layout_rooms, serial_shops, nicolae_shop_behind_doors, minivault_4,
          due_unseen_surprise, uniq_sigmund, uniq_robin

Skill      XL: |  1  2  3  4 |
---------------+-------------+-----
Ranged Weapons | 3 4 6 |  6.0
Fighting       | 2 |  2.6
Dodging        | |  1.5
Spellcasting   | |  1.0
Hexes          | |  2.6

Action                     |  1- 3 |  4- 6 || total
---------------------------+-------+-------++-------
   Fire: Sling             |    61 |    99 ||   160
    Use: Scroll            |     3 |     2 ||     5
         Potion            |     1 |     1 ||     2
 Armour: Robe              |    14 |    33 ||    47
  Dodge: Dodged            |    24 |    51 ||    75

Table legend:
 A = Non-vault XP
 B = Vault XP
 C = Vault XP percentage of total XP
 D = Non-vault monster count
 E = Vault monster count
 F = Vault count percentage of total count
                 A         B        C        D         E       F
            +---------+---------+-------+---------+---------+-------
      Total |     103 |     298 |  74.3 |      43 |      11 |  20.4
            +---------+---------+-------+---------+---------+-------
        D:1 |      24 |       0 |   0.0 |      15 |       0 |   0.0
        D:2 |      45 |      37 |  45.1 |      18 |       1 |   5.3
        D:3 |      34 |     261 |  88.5 |      10 |      10 |  50.0
            +---------+---------+-------+---------+---------+-------
